Map: Newkirk District

Players

MCauthon

  • Race: Terran Terran
  • Spawn Location: 5:00

boanaan - Winner!

  • Race: Protoss Protoss
  • League: Master
  • Spawn Location: 7:00

VOD

Have the link to the VOD?

Description

Time

  • Played on: Aug. 27, 2021, 11:14 a.m.
  • Length: 3:54
Show
View Real Time Build Order
Export as new Build Order

MCauthon Terran 

Build Orders: Cyclone Opening 

Get SALT Encoding   

  7  0:01  Refinery  
  8  0:10  Refinery  
  9  0:35  Refinery  
  11  0:43  Refinery  
  11  1:05  Factory  
  12  1:22  Refinery  
  12  1:33  Factory Tech Lab  
  13  1:49  Refinery  
  13  1:52  Cyclone  
  17  2:18  Refinery  
  17  2:19  Supply Depot  
  17  2:21  SCV  
  19  2:44  Cyclone  
  19  2:45  Refinery  
  22  2:56  Supply Depot  
  22  3:05  SCV  
  22  3:12  SCV  
  22  3:52  Refinery  
Show
View Real Time Build Order
Export as new Build Order

boanaan Protoss - Winner!

Build Orders:  

Get SALT Encoding   

  7  0:00  Probe (Chrono Boost)  
  7  0:03  Probe (Chrono Boost)  
  9  0:09  Probe (Chrono Boost)  
  9  0:11  Probe (Chrono Boost)  
  10  0:15  Probe  
  12  0:26  Probe, Pylon  
  12  0:34  Probe  
  13  0:41  Probe  
  14  0:44  Pylon  
  14  0:49  Probe  
  15  0:56  Assimilator, Probe (Chrono Boost)  
  17  1:07  Gateway  
  17  1:10  Probe (Chrono Boost)  
  18  1:12  Probe (Chrono Boost)  
  19  1:28  Gateway  
  19  1:33  Zealot  
  19  1:38  Probe  
  21  1:41  Pylon  
  21  1:45  Probe  
  22  1:52  Assimilator  
  23  1:56  Pylon  
  23  1:57  Pylon  
  23  2:11  Stalker (Chrono Boost)  
  23  2:15  Probe  
  28  2:23  Stalker (Chrono Boost)  
  28  2:38  Stalker  
  28  2:42  Gateway  
  28  2:50  Stalker  
  30  3:10  Probe (Chrono Boost)  
  30  3:11  Stalker x2  
  34  3:18  Probe (Chrono Boost)  
  35  3:25  Probe (Chrono Boost)  
  37  3:28  Probe (Chrono Boost)  
Tags
 
Add a new tag
Caveats
  • Supply blocks, unpowered buildings, or Contaminate may cause inaccurate times.
  • Supply counts are checked every 10 seconds.